 Dungeon Crawl Stone Soup version 0.29-a0-541-gaf1fc19f1b (webtiles) character file.

Game seed: 16738985497867401390

10584 happo123 the Covert (level 11, -7/66 HPs)
             Began as a Kobold Enchanter on June 2, 2022.
             Was an Elder of Dithmenos.
             Mangled by a two-headed ogre
             ... wielding a +0 giant club
              (29 damage)
             ... on level 9 of the Dungeon.
             The game lasted 00:48:44 (11912 turns).

happo123 the Covert (Kobold Enchanter)             Turns: 11912, Time: 00:48:44

Health: -7/66      AC:  9    Str:  5    XL:     11   Next: 95%
Magic:  3/20       EV: 17    Int: 20    God:    Dithmenos [****..]
Gold:   638        SH:  5    Dex: 17    Spells: 8/22 levels left

rFire   . . .      SeeInvis +   h - +2 short sword (elec)
rCold   . . .      Faith    .   x - orb {guile}
rNeg    . . .      Spirit   .   W - +0 troll leather armour
rPois   .          Reflect  +   n - +0 helmet
rElec   .          Harm     .   P - +0 cloak
rCorr   .          Rampage  .   u - +0 pair of gloves
Will    .....                   S - +1 pair of boots {Fly}
Stlth   ++++++++..              A - amulet of reflection
HPRegen 1.01/turn               F - ring of wizardry
MPRegen 0.17/turn               C - ring of see invisible

@: confusing by touch, flying, wreathed by umbra
A: small, no large weapons, nightstalker 3
a: Renounce Religion, Shadow Step


You were on level 9 of the Dungeon.
You worshipped Dithmenos.
Dithmenos was greatly pleased with you.
You visited 2 branches of the dungeon, and saw 10 of its levels.

You collected 638 gold pieces.

Inventory:

Hand Weapons
 a - a +1 dagger
 e - a +2 dagger of draining
 h - a +2 short sword of electrocution (weapon)
Armour
 n - a +0 helmet (worn)
 u - a +0 pair of gloves (worn)
 x - an orb of guile (worn)
 P - a +0 cloak (worn)
 S - a +1 pair of boots of flying (worn)
 W - a +0 troll leather armour (worn)
Magical Staves
 N - a staff of earth
Jewellery
 b - an amulet of the acrobat
 A - an amulet of reflection (around neck)
 B - a +6 ring of strength
 C - a ring of see invisible (right hand)
 F - a ring of wizardry (left hand)
 J - a ring of resist corrosion
 L - a ring of protection from fire
 M - an amulet of regeneration
 T - an amulet of guardian spirit
Wands
 r - a wand of polymorph (30)
 s - a wand of digging (6)
 Q - a wand of flame (12)
 R - a wand of iceblast (11)
Scrolls
 f - a scroll of fog {unknown}
 g - 6 scrolls of amnesia
 k - a scroll of blinking
 l - 2 scrolls of vulnerability
 m - 6 scrolls of immolation
 o - 2 scrolls of teleportation
 t - a scroll of identify
 y - 2 scrolls of magic mapping
Potions
 c - 2 potions of invisibility
 i - 3 potions of magic
 p - 2 potions of attraction {unknown}
 v - 6 potions of curing
 w - 2 potions of berserk rage {unknown}
 D - 3 potions of haste
 G - a potion of mutation {unknown}
 I - 2 potions of degeneration {unknown}
 O - a potion of lignification {unknown}
 U - 2 potions of brilliance {unknown}
Miscellaneous
 d - a lightning rod (4/4)


   Skills:
 + Level 6.5 Fighting
 + Level 8.0 Short Blades
 + Level 6.5 Crossbows
 + Level 7.5 Dodging
 + Level 9.3 Stealth
 + Level 6.2 Spellcasting
 * Level 9.2 Hexes
 + Level 3.9 Ice Magic
 + Level 6.0 Invocations


You had 8 spell levels left.
You knew the following spells:

 Your Spells              Type           Power      Damage    Failure   Level
a - Ensorcelled Hibernat  Hex/Ice        64%        N/A       1%          2
b - Confusing Touch       Hex            43%        N/A       1%          3
c - Tukima's Dance        Hex            43%        N/A       1%          3
d - Dazzling Flash        Conj/Hex       48%        N/A       3%          3
e - Ozocubu's Armour      Ice            22%        N/A       4%          3

Your spell library contained the following spells:

 Spells                   Type           Power      Damage    Failure   Level
 Silence                  Hex/Air        12%        N/A       26%         5
 Passage of Golubria      Tloc           6%         N/A       52%         4
 Ozocubu's Refrigeration  Ice            11%        4d7       100%        7
 Lehudib's Crystal Spear  Conj/Erth      3%         10d2      100%        8


Dungeon Overview and Level Annotations

Branches:
Dungeon (9/15)             Temple (1/1) D:5
   Lair: D:8-11         Orc: D:9-12

Altars:
Ashenzari
Cheibriados
Dithmenos
Elyvilon
Fedhas
Hepliaklqana
Kikubaaqudgha
Makhleb
Nemelex Xobeh
Okawaru
Qazlal
Ru
Sif Muna
Trog
Uskayaw
Vehumet
Wu Jian
Xom
Yredelemnul
The Shining One


Innate Abilities, Weirdness & Mutations

You are small and have problems with some larger weapons.
You are completely attuned to the shadows.


Message History

You puncture the yak!
The yak is heavily wounded.
You hit the yak.
The yak is heavily wounded.
The yak closely misses you.
You closely miss the yak.
The yak is heavily wounded.
The yak completely misses you.
You hit the yak but do no damage.
The yak is heavily wounded.
You hit the yak but do no damage.
The yak is heavily wounded.
The yak gores you!
You hit the yak but do no damage.
The yak is heavily wounded.
The yak gores you! The yak attacks as you move away!
The yak gores you but does no damage.
Aiming: Ensorcelled Hibernation (safe; 1% risk of failure)
Press: ? - help, Q - select action, (/) - cycle Shift-Dir - straight line, f - yak
Aim: a yak (heavily wounded, umbra, chance to affect: 77%)
The yak looks drowsy...
The helpless yak fails to defend itself.
You skewer the yak like a kebab!!!
You kill the yak!
Dithmenos accepts your kill.
Aiming: Ensorcelled Hibernation (safe; 1% risk of failure)
Press: ? - help, Q - select action, (/) - cycle Shift-Dir - straight line, f - two-headed ogre
Aim: a two-headed ogre, wielding a +0 giant club and a +0 giant spiked club (umbra, chance to affect: 77%)
The two-headed ogre looks drowsy...
The helpless two-headed ogre fails to defend itself.
You stick the two-headed ogre like a pincushion!!!
The two-headed ogre is severely wounded.
Your shadow hits the two-headed ogre with a short sword.
The two-headed ogre hits you with a +0 giant club!!
The two-headed ogre misses you.
Casting: Ensorcelled Hibernation (safe; 1% risk of failure)
Confirm with . or Enter, or press ? or * to list all spells.
Your hands begin to glow red.
The two-headed ogre hits you with a +0 giant club!!
You die...

##############
#.)†..O@.....#
##.#########.#
#§.Y.Y #.#####
#...OY
#.....#######
#.....
#####........
#....Y
#.#######
#>.... #.....
#...##


You could see a two-headed ogre.

Vanquished Creatures
  A tengu warrior (D:9)
  A two-headed ogre (D:8)
  Psyche (D:9)
  A kobold demonologist (D:9)
  A tengu conjurer (D:9)
  2 trolls (D:9)
  Grinder (D:3)
  2 hornets
  Sigmund (D:3)
  A vampire (D:9)
  A wyvern (D:7)
  A wraith (D:9)
  13 yaks
  4 steam dragons
  4 vampire mosquitoes (D:7)
  An acid dragon (D:9)
  2 water moccasins (D:7)
  A sky beast (D:6)
  3 orc warriors (D:8)
  2 black bears
  An ice beast (D:6)
  An ogre (D:5)
  3 centaurs
  2 phantoms
  A kobold brigand (D:8)
  4 bullfrogs
  A necrophage (D:7)
  3 scorpions
  8 wights
  12 killer bees
  8 orc priests
  5 hounds
  2 gnoll shamans (D:7)
  Jessica (D:2)
  Ijyb (D:4)
  8 iguanas
  9 orc wizards
  6 adders
  A shadow imp (D:8)
  3 white imps
  2 worms
  2 dart slugs
  46 orcs
  2 bat zombies (D:7)
  7 endoplasms
  3 giant cockroaches
  10 goblins
  13 hobgoblins
  2 jackals (D:4)
  A quokka (D:2)
  3 ball pythons
  8 bats
  2 frilled lizards
  11 kobolds
  4 rats
  A spectral goblin (D:5)
241 creatures vanquished.

Vanquished Creatures (collateral kills)
  A wight (D:8)
1 creature vanquished.

Grand Total: 242 creatures vanquished

Notes
Turn   | Place    | Note
-------+----------+-------------------------------------------
     0 | D:1      | happo123 the Kobold Enchanter began the quest for the Orb.
     0 | D:1      | Reached XP level 1. HP: 10/10 MP: 3/3
   340 | D:1      | Reached XP level 2. HP: 3/14 MP: 5/5
   343 | D:1      | Learned a level 2 spell: Ensorcelled Hibernation
   767 | D:1      | Found a faded altar of an unknown god.
   954 | D:1      | Reached XP level 3. HP: 20/20 MP: 6/6
   961 | D:1      | Learned a level 3 spell: Confusing Touch
  1606 | D:2      | You fall into a shaft and drop 2 floors!
  1623 | D:4      | Noticed a phantom
  1648 | D:4      | Killed a phantom
  1649 | D:4      | Reached skill level 1 in Fighting
  1649 | D:4      | Reached XP level 4. HP: 9/25 MP: 5/7
  1649 | D:4      | Reached XP level 5. HP: 11/29 MP: 5/8
  1653 | D:4      | Learned a level 3 spell: Tukima's Dance
  1876 | D:4      | Found a shadowy altar of Dithmenos.
  1876 | D:4      | Found a stormy altar of Qazlal.
  1880 | D:4      | Found a radiant altar of Vehumet.
  1880 | D:4      | Found a snail-covered altar of Cheibriados.
  1890 | D:4      | Became a worshipper of Dithmenos the Shadowed
  1998 | D:4      | Found a basalt altar of Yredelemnul.
  1998 | D:4      | Found a hide-covered altar of Uskayaw.
  2896 | D:2      | Noticed Jessica
  2900 | D:2      | Killed Jessica
  2901 | D:2      | Reached XP level 6. HP: 35/35 MP: 10/10
  3285 | D:3      | Found a bloodstained altar of Trog.
  3342 | D:3      | Reached * piety under Dithmenos
  3343 | D:3      | Reached skill level 1 in Invocations
  3412 | D:3      | Noticed Grinder
  3453 | D:3      | Killed Grinder
  3454 | D:3      | Reached skill level 5 in Stealth
  3454 | D:3      | Reached XP level 7. HP: 11/40 MP: 6/11
  4237 | D:3      | Noticed Sigmund
  4266 | D:3      | Killed Sigmund
  4267 | D:3      | Reached skill level 5 in Hexes
  4640 | D:4      | Noticed Ijyb
  4645 | D:4      | Killed Ijyb
  4690 | D:4      | Reached XP level 8. HP: 19/46 MP: 10/13
  5699 | D:5      | Entered Level 5 of the Dungeon
  5833 | D:5      | Reached skill level 1 in Crossbows
  6002 | D:5      | Found a staircase to the Ecumenical Temple.
  6039 | Temple   | Entered the Ecumenical Temple
  6368 | D:5      | Learned a level 3 spell: Dazzling Flash
  6649 | D:5      | Reached ** piety under Dithmenos
  6650 | D:5      | Reached skill level 5 in Short Blades
  6650 | D:5      | Reached XP level 9. HP: 52/52 MP: 15/15
  6972 | D:5      | Found a hazy altar of Hepliaklqana.
  7070 | D:6      | Reached skill level 5 in Dodging
  7144 | D:6      | Found an iron altar of Okawaru.
  8680 | D:7      | Reached skill level 1 in Ice Magic
  8680 | D:7      | Reached XP level 10. HP: 58/58 MP: 14/17
  8684 | D:7      | Identified the +6 trident "Xapom" {holy, rElec rPois rN+
                  | Dex+3}
  8724 | D:7      | Reached skill level 5 in Fighting
  8724 | D:7      | Reached skill level 5 in Spellcasting
  8833 | D:7      | Reached *** piety under Dithmenos
  8947 | D:7      | Identified the +6 chain mail of the Lobster {Str+4}
  9012 | D:7      | Found a shimmering blue altar of Sif Muna.
  9473 | D:7      | Found an ancient bone altar of Kikubaaqudgha.
  9910 | D:8      | Noticed a two-headed ogre
  9914 | D:8      | Killed a two-headed ogre
  9973 | D:8      | Reached skill level 5 in Crossbows
 10234 | D:8      | Reached skill level 5 in Invocations
 10239 | D:8      | Reached XP level 11. HP: 64/64 MP: 11/19
 10245 | D:8      | Paralysed by a hornet for 2 turns
 10586 | D:8      | Learned a level 3 spell: Ozocubu's Armour
 10817 | D:8      | Reached **** piety under Dithmenos
 10937 | D:9      | Noticed a tengu warrior
 10946 | D:9      | Killed a tengu warrior
 11337 | D:9      | Noticed Psyche
 11339 | D:9      | Killed Psyche
 11377 | D:9      | Noticed a death yak
 11377 | D:9      | Noticed a death yak
 11387 | D:9      | Noticed a death yak
 11856 | D:9      | Noticed a two-headed ogre
 11912 | D:9      | Mangled by a two-headed ogre

Illustrated notes

Levels and vault maps discovered:
D:1:      psy_arrival_statuary, layout_basic,
          shapermc_ecumenical_altar_totnotflames, st_stairs_5, minmay_cupped
D:2:      layout_basic, uniq_jessica
D:3:      layout_loops_corners, mainiacjoe_overflow_chevrons, uniq_sigmund,
          uniq_grinder
D:4:      layout_loops_corners, grunt_temple_overflow_open,
          gammafunk_temple_overflow_wave, minmay_misc_feat_enclosed,
          hangedman_decor_slide_cut, uniq_ijyb
D:5:      minmay_general_purpose_star, layout_loops_ring,
          nicolae_hepliaklqana_monster_ancestors, minmay_temple_entry_waves
D:6:      layout_layer_cave, okawaru_altar_gauntlet_db
D:7:      layout_basic, lemuel_zombie_altar_kikubaaqudgha,
          lemuel_blue_sif_altar, minmay_alternating_orb
D:8:      layout_cave_pools, dreamdust_deal_with_the_devil
D:9:      layout_basic, dpeg_lair_monsters, hiddenorc2_lemuel, grunt_potential,
          uniq_psyche
Temple:   jpeg_temple_island

Skill      XL: |  1  2  3  4  5  6  7  8  9 10 11 |
---------------+----------------------------------+-----
Short Blades   | 2 3 4 5 6 8 |  8.0
Fighting       | 1 2 3 4 5 6 |  6.5
Dodging        | 3 4 5 6 7 |  7.5
Hexes          | 4 5 6 7 8 9 |  9.2
Spellcasting   | 3 4 5 6 |  6.2
Invocations    | 1 2 3 4 5 6 |  6.0
Stealth        | 5 6 7 8 9 |  9.3
Crossbows      | 2 3 5 6 |  6.5
Ice Magic      | 1 2 3 |  3.9

Action                   |  1- 3 |  4- 6 |  7- 9 | 10-12 || total
-------------------------+-------+-------+-------+-------++-------
Melee: Dagger            |    19 |       |       |       ||    19
       Short sword       |    38 |    59 |   111 |   257 ||   465
       Punch             |       |     1 |       |       ||     1
       Unarmed           |       |       |       |     6 ||     6
 Cast: Ensorcelled Hiber |     5 |    11 |    34 |    96 ||   146
       Confusing Touch   |     1 |     3 |     4 |    15 ||    23
       Tukima's Dance    |       |       |       |     1 ||     1
  Use: Potion            |       |     1 |       |       ||     1
       Scroll            |       |       |     1 |    13 ||    14
 Stab: Sleeping          |    14 |    19 |    63 |    76 ||   172
       Confused          |       |     1 |     2 |    10 ||    13
       Invisible         |       |     1 |       |       ||     1
       Distracted        |       |       |     1 |     3 ||     4
Armor: Robe              |    11 |     6 |    10 |       ||    27
       Steam dragon scal |       |       |       |    20 ||    20
       Skin              |       |       |       |     1 ||     1
       Troll leather arm |       |       |       |    12 ||    12
Dodge: Dodged            |    31 |    25 |    56 |   211 ||   323
Block: Orb               |       |       |     7 |    45 ||    52
       Other             |       |       |       |     1 ||     1

Table legend: (Time is in decaauts)
 A = Elapsed time spent in this place.
 B = Non-inter-level travel time spent in this place.
 C = Inter-level travel time spent in this place.
 D = Time resting spent in this place.
 E = Time spent auto-exploring this place.
 F = Levels seen in this place.
 G = Mean time per level.
                   A        B        C        D        E       F      G
               +--------+--------+--------+--------+--------+-----+--------+
         Total |  11867 |  11051 |    816 |    976 |   8348 |  10 | 1186.7 |
       Dungeon |  11523 |  10737 |    786 |    976 |   8043 |   9 | 1280.3 |
        Temple |    343 |    313 |     30 |      0 |    305 |   1 |  343.0 |
               +--------+--------+--------+--------+--------+-----+--------+

Top non-repeatable levels by time:
     D:3: 1552 daAuts
     D:4: 1544 daAuts
     D:6: 1513 daAuts
     D:1: 1463 daAuts
     D:8: 1211 daAuts
     D:7: 1160 daAuts
     D:2: 1131 daAuts
     D:5: 985 daAuts
     D:9: 960 daAuts
  Temple: 343 daAuts
